 Dungeon Crawl Stone Soup version 0.28.0-53-g5a82cb258f (webtiles) character file.

Game seed: 16971420260705127047

17263 Stomo the Pandemonic (level 12, -22/94 HPs)
             Began as a Demonspawn Monk on July 4, 2022.
             Was a High Priest of Makhleb.
             Annihilated by a very large slime creature (49 damage)
             ... on level 12 of the Dungeon.
             The game lasted 00:30:36 (15116 turns).

Stomo the Pandemonic (Demonspawn Monk)             Turns: 15116, Time: 00:30:37

Health: -22/94     AC: 14    Str: 17    XL:     12   Next: 17%
Magic:  22/22      EV: 21    Int: 17    God:    Makhleb [*****.]
Gold:   655        SH:  9    Dex: 16    Spells: 11/11 levels left

rFire   . . .      SeeInvis +   B - +2 mace (protect)
rCold   . . .      Faith    .   (no shield)
rNeg    . . .      Spirit   .   H - +0 troll leather armour
rPois   .          Reflect  +   (helmet unavailable)
rElec   .          Harm     .   (no cloak)
rCorr   .          Rampage  .   q - +2 pair of gloves
Will    .....                   (no boots)
Stlth   ++........              x - amulet of reflection
HPRegen 1.05/turn               E - +6 ring of intelligence
MPRegen 0.18/turn               w - ring of wizardry

@: agile, sanguine armoured
A: antennae 3, powered by pain 1, sanguine armour 1, condensation shield
a: Renounce Religion, Minor Destruction, Lesser Servant of Makhleb, Major
Destruction, Greater Servant of Makhleb


You were on level 12 of the Dungeon.
You worshipped Makhleb.
Makhleb was extremely pleased with you.
You visited 1 branch of the dungeon, and saw 12 of its levels.

You collected 655 gold pieces.

Inventory:

Hand Weapons
 a - a +1 mace
 m - a +1 whip of electrocution
 n - a +0 hunting sling
 z - a +1 vorpal flail
 B - a +2 mace of protection (weapon)
 K - a +0 great mace
Missiles
 e - 213 stones (quivered)
 g - a throwing net
Armour
 b - a +0 robe
 i - a +0 plate armour
 j - a +1 ring mail
 q - a +2 pair of gloves (worn)
 H - a +0 troll leather armour (worn)
Jewellery
 p - a ring of flight
 w - a ring of wizardry (right hand)
 x - an amulet of reflection (around neck)
 E - a +6 ring of intelligence (left hand)
 J - an amulet of magic regeneration
Wands
 u - a wand of digging (5)
 y - a wand of polymorph (12)
 C - a wand of mindburst (9)
 D - a wand of flame (6)
Scrolls
 c - 2 scrolls of blinking
 f - 7 scrolls of identify
 l - a scroll of summoning
 o - 2 scrolls of teleportation
 r - a scroll of amnesia
 s - 3 scrolls of immolation
 G - a scroll of acquirement {unknown}
Potions
 d - a potion of mutation
 h - a potion of flight {unknown}
 k - a potion of heal wounds
 t - 2 potions of brilliance
 v - 3 potions of attraction {unknown}
 A - 2 potions of ambrosia {unknown}
 I - 2 potions of curing
Miscellaneous
 F - a piece from Xom's chessboard (15/15)


   Skills:
 + Level 8.9 Fighting
 + Level 8.2 Maces & Flails
 + Level 7.5 Armour
 + Level 8.1 Dodging
 - Level 1.7 Stealth
 * Level 14.6 Invocations


You had 11 spell levels left.
You didn't know any spells.
Your spell library contained the following spells:

 Spells                   Type           Power      Damage    Failure   Level
 Apportation              Tloc           0%         N/A       11%         1
 Petrify                  Tmut/Erth      0%         N/A       69%         4
 Alistair's Intoxication  Tmut/Pois      0%         N/A       95%         5
 Metabolic Englaciation   Hex/Ice        0%         N/A       95%         5
 Statue Form              Tmut/Erth      0%         N/A       100%        6


Dungeon Overview and Level Annotations

Branches:
Dungeon (12/15)            Temple (0/1) D:6            Lair (0/6) D:11
    Orc (0/2) D:11

Altars:
Dithmenos
Makhleb
Qazlal
Wu Jian
Xom
Zin

Shops:
D:2 (

Annotations:
D:2 Sigmund


Innate Abilities, Weirdness & Mutations

You have a pair of large antennae on your head. (SInv)
You sometimes gain a little power by taking damage.
When seriously injured, your blood forms armour. (AC +6)
A meltable shield of frost defends you. (SH +4)


Message History

You barely miss the yak.
The yak is almost dead.
Your neqoxec hits the yak. You block the yak's attack.
You hit the yak but do no damage.
The yak is almost dead.
Your neqoxec hits the yak but does no damage.
You block the yak's attack.
You hit the yak but do no damage.
The yak is almost dead.
Your neqoxec hits the yak!
The yak dies!
Makhleb accepts your kill. You block the yak's attack.
Things that are here:
a yak corpse; a yak corpse; a yak corpse You swap places.
Your neqoxec hits the yak!
The yak dies!
Makhleb accepts your kill.
Your neqoxec hits the very large slime creature!
The very large slime creature closely misses your neqoxec.
Your neqoxec barely misses the very large slime creature.
The very large slime creature hits your neqoxec!!
Your neqoxec dies!
Your neqoxec disappears in a puff of smoke!
Aiming: Major Destruction (0% risk of failure)
Press: ? - help, Shift-Dir - straight line, f - very large slime creature
Aim: a very large slime creature (lightly wounded)
The bolt of fire hits the very large slime creature!!!
The very large slime creature is moderately wounded.
Unknown command.
The very large slime creature hits you!!!
Ouch! That really hurt!
* * * LOW HITPOINT WARNING * * *
You focus on the pain.
You feel agile all of a sudden.
Your blood congeals into armour.
A demon appears!
The very large slime creature hits you!!!
Ouch! That really hurt!
You die...

###.$...# .............<##
............[Y. .. ......
#..)..# #... .....#
#.....##########...# .....#
#........††........# .....#
#####.#####..........
.....########.#####.#########
...............4@J..#
.....########.##############
.....# #.# #<)...# .....# #.#
#.....# .....# #.# #.....#
...^.# #.# #.....# ....## #.#
#.....# ...##
######.########.....# ####
#.........##........#


You could see a very large slime creature (ally target) and a friendly hellwing
(summoned).

Vanquished Creatures
  4 two-headed ogres
  A centaur zombie (D:10)
  2 trolls
  2 shadows
  A wraith (D:10)
  2 wyverns
  Grum (D:10)
  17 yaks
  5 vampire mosquitoes
  A warg (D:11)
  An acid dragon (D:12)
  A water moccasin (D:7)
  2 hornet zombies (D:7)
  2 ice beasts
  5 orc warriors
  2 black bears
  A phantom (D:5)
  2 ogres
  4 wolves (D:10)
  6 centaurs
  A kobold brigand (D:9)
  3 bullfrogs
  3 scorpions
  A water moccasin zombie (D:5)
  A wyvern skeleton (D:7)
  Dowan (D:7)
  8 killer bees
  8 wights
  4 howler monkeys
  2 hounds
  3 jellies
  A gnoll shaman (D:6)
  4 orc priests
  A bullfrog skeleton (D:5)
  2 iguanas (D:5)
  2 centaur skeletons
  8 orc wizards
  2 killer bee zombies (D:7)
  A hound skeleton (D:5)
  3 howler monkey zombies
  6 gnolls
  8 adders
  A white imp (D:7)
  An ufetubus (D:5)
  An adder zombie (D:5)
  An adder skeleton (D:4)
  34 orcs
  8 ball pythons
  8 endoplasms
  2 giant cockroaches
  4 goblins
  4 hobgoblins
  7 jackals
  5 quokkas
  3 bats
  4 frilled lizards
  10 kobolds
  5 rats
233 creatures vanquished.

Vanquished Creatures (collateral kills)
  A hydra (D:11)
  2 two-headed ogres
  An ugly thing (D:11)
  A hornet (D:8)
  11 yaks
  A wraith (D:12)
  A basilisk (D:12)
  A warg (D:11)
  A water moccasin (D:8)
  Duvessa (D:7)
  3 orc warriors
  A kobold brigand (D:8)
  A bullfrog (D:8)
  A killer bee (D:8)
  9 wights (D:8)
  A jelly (D:8)
  2 killer bee zombies (D:8)
  2 orcs (D:8)
  2 kobolds (D:8)
43 creatures vanquished.

Vanquished Creatures (others)
  A wight (D:8)
1 creature vanquished.

Grand Total: 277 creatures vanquished

Notes
Turn   | Place    | Note
-------+----------+-------------------------------------------
     0 | D:1      | Stomo the Demonspawn Monk began the quest for the Orb.
     0 | D:1      | Reached XP level 1. HP: 18/18 MP: 1/1
   132 | D:1      | Found a faded altar of an unknown god.
   731 | D:1      | Gained mutation: You have a pair of small antennae on your
                  | head. [demonic ancestry]
   731 | D:1      | Reached XP level 2. HP: 24/24 MP: 2/2
  1395 | D:2      | Noticed Sigmund
  1495 | D:2      | Reached skill level 1 in Armour
  1882 | D:2      | Reached XP level 3. HP: 11/29 MP: 3/3
  2765 | D:2      | Found Cyuwauc's Antique Weapon Shop.
  3564 | D:3      | Reached XP level 4. HP: 9/35 MP: 4/4
  5009 | D:3      | Found an ornate altar of the Wu Jian Council.
  5019 | D:3      | Found a burning altar of Makhleb.
  5039 | D:3      | Became a worshipper of Makhleb the Destroyer
  5039 | D:3      | Reached * piety under Makhleb
  5039 | D:3      | Reached ** piety under Makhleb
  5349 | D:4      | Reached skill level 1 in Invocations
  5349 | D:4      | Gained mutation: When seriously injured, your blood forms
                  | armour. (AC +6) [demonic ancestry]
  5349 | D:4      | Reached XP level 5. HP: 42/42 MP: 4/6
  5400 | D:4      | Reached skill level 2 in Invocations
  5735 | D:5      | Entered Level 5 of the Dungeon
  5748 | D:5      | Reached skill level 4 in Invocations
  5889 | D:5      | Noticed an ogre
  5892 | D:5      | Killed an ogre
  5893 | D:5      | Reached skill level 5 in Invocations
  5893 | D:5      | Gained mutation: A meltable shield of frost defends you.
                  | (SH +4) [demonic ancestry]
  5893 | D:5      | Reached XP level 6. HP: 32/48 MP: 9/9
  5947 | D:4      | Reached skill level 6 in Invocations
  6009 | D:5      | Reached skill level 7 in Invocations
  6194 | D:5      | Identified the +2 dagger of Prudence {vorpal, rF+}
  6221 | D:5      | Gained mutation: You have a pair of antennae on your head.
                  | [demonic ancestry]
  6221 | D:5      | Reached XP level 7. HP: 53/53 MP: 12/12
  6365 | D:5      | Reached skill level 8 in Invocations
  6490 | D:5      | Reached *** piety under Makhleb
  6491 | D:5      | Reached skill level 9 in Invocations
  6975 | D:5      | Reached skill level 10 in Invocations
  7158 | D:6      | Reached XP level 8. HP: 60/60 MP: 15/15
  7355 | D:6      | Noticed a two-headed ogre
  7369 | D:6      | Killed a two-headed ogre
  7619 | D:6      | Reached skill level 5 in Fighting
  7635 | D:6      | Gained mutation: You sometimes gain a little power by
                  | taking damage. [demonic ancestry]
  7635 | D:6      | Reached XP level 9. HP: 68/68 MP: 17/17
  7850 | D:6      | Found a staircase to the Ecumenical Temple.
  8286 | D:7      | Found a stormy altar of Qazlal.
  8410 | D:7      | Reached skill level 11 in Invocations
  8622 | D:7      | Noticed Dowan
  8624 | D:7      | Noticed Duvessa
  8636 | D:7      | Killed Duvessa
  8639 | D:7      | Reached skill level 5 in Dodging
  8643 | D:7      | Reached skill level 5 in Maces & Flails
  8651 | D:7      | Killed Dowan
  9888 | D:8      | Reached XP level 10. HP: 57/75 MP: 18/18
 10042 | D:8      | Noticed a two-headed ogre
 10049 | D:8      | Reached skill level 5 in Armour
 10058 | D:8      | Killed a two-headed ogre
 10059 | D:8      | Reached skill level 12 in Invocations
 11068 | D:8      | Found a shimmering altar of Xom.
 11348 | D:8      | Reached **** piety under Makhleb
 12182 | D:9      | Noticed a two-headed ogre
 12186 | D:9      | Killed a two-headed ogre
 12654 | D:9      | Reached XP level 11. HP: 84/84 MP: 20/20
 12757 | D:10     | Entered Level 10 of the Dungeon
 12871 | D:10     | Noticed Grum
 12916 | D:10     | Reached skill level 13 in Invocations
 13004 | D:10     | Killed Grum
 13024 | D:10     | Found a shimmering altar of Xom.
 13839 | D:11     | Noticed a white ugly thing
 13848 | D:11     | Killed a white ugly thing
 13864 | D:11     | Noticed a seven-headed hydra
 13872 | D:11     | Killed a seven-headed hydra
 14038 | D:11     | Found a staircase to the Orcish Mines.
 14190 | D:11     | Reached ***** piety under Makhleb
 14350 | D:11     | Found a staircase to the Lair.
 14523 | D:11     | Reached skill level 14 in Invocations
 14773 | D:11     | Found a shadowy altar of Dithmenos.
 14902 | D:12     | Noticed a two-headed ogre
 14917 | D:12     | Killed a two-headed ogre
 15009 | D:12     | Noticed a two-headed ogre
 15029 | D:12     | Gained mutation: You have a pair of large antennae on your
                  | head. (SInv) [demonic ancestry]
 15029 | D:12     | Reached XP level 12. HP: 87/94 MP: 22/22
 15032 | D:12     | Killed a two-headed ogre
 15038 | D:12     | Noticed a two-headed ogre
 15040 | D:12     | Killed a two-headed ogre
 15116 | D:12     | Annihilated by a very large slime creature

Illustrated notes

Levels and vault maps discovered:
D:1:      saegor_arrival_simple_e, layout_basic,
          chequers_ecumenical_altar_simple_redux, wad_floor_pattern_untrapped
D:2:      layout_basic, serial_shops, shop, minmay_hexomino_c4, uniq_sigmund
D:3:      layout_basic, minitemple, chequers_decorated_corner
D:4:      layout_cave_pools, minmay_misc_feat_secret_circle
D:5:      layout_rooms, nicolae_ossuary_entry_plus, hangedman_minor_gate_pass
D:6:      layout_loops_cross, lemuel_temple_firewalk_b,
          hangedman_abyss_or_decor_jellyfish_corner, kennysheep_cross_room
D:7:      layout_rooms, lemuel_doored_altar, minmay_misc_feat_tiny,
          minmay_quadrilaterals, uniq_duvessa
D:8:      layout_basic, xom_confusion_cloud, kennysheep_windowed_goal
D:9:      layout_long_grid, zin_statuary
D:10:     layout_basic, lemuel_tele_altar, mainiacjoe_overflow_boulevard,
          lemuel_round_altar, grunt_ministairs_14, hellmonk_bongcloud_opening,
          amethyst_killhole, kennysheep_small_circle, uniq_grum, uniq_joseph
D:11:     layout_roguey, lair_entry_dummy, erik_orc_3,
          nicolae_dithmenos_through_a_glass_darkly
D:12:     layout_rooms

Skill      XL: |  1  2  3  4  5  6  7  8  9 10 11 |
---------------+----------------------------------+-----
Maces & Flails | 3 4 5 6 8 |  8.2
Armour         | 1 2 3 4 6 7 |  7.5
Dodging        | 3 4 5 6 8 |  8.1
Invocations    | 1 5 7 10 11 12 14 | 14.6
Fighting       | 5 6 7 8 |  8.9
Stealth        | |  1.7

Action                   |  1- 3 |  4- 6 |  7- 9 | 10-12 || total
-------------------------+-------+-------+-------+-------++-------
Melee: Mace              |   134 |    79 |       |   536 ||   749
       Whip              |       |    50 |   241 |   115 ||   406
       Punch             |       |     3 |     6 |    16 ||    25
 Fire: Hunting sling     |       |     1 |       |       ||     1
Throw: Stone             |    38 |       |       |     2 ||    40
Invok: Minor Destruction |       |    34 |    63 |    82 ||   179
       Lesser Servant of |       |       |     6 |    16 ||    22
       Major Destruction |       |       |       |     3 ||     3
  Use: Scroll            |       |     6 |     7 |     1 ||    14
       Potion            |       |     3 |     1 |       ||     4
 Stab: Sleeping          |     3 |     1 |       |       ||     4
       Distracted        |     1 |       |     1 |     7 ||     9
Armor: Robe              |    19 |       |       |       ||    19
       Ring mail         |    26 |    52 |    42 |    93 ||   213
       Troll leather arm |       |       |       |    80 ||    80
Dodge: Dodged            |    88 |   106 |   109 |   349 ||   652
Block: Other             |       |    11 |    35 |   250 ||   296
       Reflection        |       |       |       |     6 ||     6
